 Dungeon Crawl Stone Soup version 0.22-a0-322-g60b3cfd (webtiles) character file.

604 xccam the Cleaver (level 7, -17/52 HPs)
             Began as a Formicid Fighter on Apr 2, 2018.
             Was a Follower of Cheibriados.
             Demolished by Menkaure (18 damage)
             ... on level 4 of the Dungeon.
             The game lasted 00:04:30 (2446 turns).

xccam the Cleaver (Formicid Fighter)                Turns: 2446, Time: 00:04:30

Health: -17/52     AC:  6    Str: 31    XL:     7   Next: 70%
Magic:  7/7        EV:  8    Int: 10    God:    Cheibriados [*.....]
Gold:   156        SH: 10    Dex: 13    Spells: 6/6 levels left

rFire    . . .     SeeInvis +   a - +0 war axe
rCold    . . .     Gourm    .   c - +0 shield
rNeg     . . .     Faith    .   b - +0 scale mail
rPois    .         Spirit   .   (helmet unavailable)
rElec    .         Reflect  .   (no cloak)
rCorr    .         Harm     .   (no gloves)
MR       .....                  (no boots)
Stlth    +.........             (no amulet)
HPRegen  0.17/turn              e - ring of stealth (curse)
MPRegen  0.10/turn              o - +5 ring of strength

@: very slow
A: permanent stasis, dig shafts and tunnels, four strong arms, antennae 3
a: Dig, Shaft Self, Bend Time, Renounce Religion


You were on level 4 of the Dungeon.
You worshipped Cheibriados.
Cheibriados was aware of your devotion.
You were not hungry.

You visited 1 branch of the dungeon, and saw 4 of its levels.

You collected 156 gold pieces.

Inventory:

Hand Weapons
 a - a +0 war axe (weapon)
Armour
 b - a +0 scale mail (worn)
 c - a +0 shield (worn)
Jewellery
 e - a cursed ring of stealth (left hand)
 o - a +5 ring of strength (right hand)
Wands
 q - a wand of polymorph (9)
 r - a wand of paralysis (16)
 s - a wand of disintegration (5)
Scrolls
 d - a scroll of noise {unknown}
 g - 6 scrolls of identify {unknown}
 h - 5 scrolls of remove curse {unknown}
 i - a scroll of enchant weapon {unknown}
 m - 3 scrolls of fear {unknown}
 n - a scroll of magic mapping {unknown}
Potions
 j - a potion of flight {unknown}
 l - a potion of cancellation {unknown}
 p - a potion of haste {unknown}
Comestibles
 f - 5 rations
 k - 5 chunks of flesh


   Skills:
 - Level 3.2 Fighting
 + Level 8.0 Axes
 - Level 3.2 Armour
 - Level 3.6 Shields


You had 6 spell levels left.
You didn't know any spells.

Dungeon Overview and Level Annotations

Branches:
Dungeon (4/15)
 Temple: D:4-7

Altars:
Cheibriados
Makhleb
Okawaru
Qazlal
Ru
Vehumet

Annotations:
D:3 2 transporters
D:4 Menkaure


Innate Abilities, Weirdness & Mutations

You cannot be hasted, slowed, berserked, paralysed or teleported.
You can dig through walls and to a lower floor.
Your four strong arms can wield two-handed weapons with a shield.
You have a pair of large antennae on your head. (SInv)


Message History

You block Menkaure's attack.
You hit Menkaure.
Menkaure is almost destroyed.
Menkaure calls on the powers of darkness!
Your body is wracked with pain!
* * * LOW HITPOINT WARNING * * *
You completely miss Menkaure.
Menkaure is almost destroyed.
Menkaure points at you and mumbles some strange words.
Pain shoots through your body!
* * * LOW HITPOINT WARNING * * *
Menkaure barely misses you.
Unknown command.
You barely miss Menkaure.
Menkaure is almost destroyed.
Menkaure closely misses you.
You hit Menkaure but do no damage.
Menkaure is almost destroyed.
Menkaure hits you!!
You die...

.....# .## #####.
.#.# ... #. #.#
...###.# #.# #....#.#
#.# #.##.#.# #.#
#.##.#.# #.# #
#M##.#.######.#
#.##@##..........####
#................))..
#.........#####..####
..........### #..#
########### ####


You could see Menkaure.

Vanquished Creatures
  Grinder (D:4)
  Eustachio (D:4)
  A howler monkey (D:4)
  Ijyb (D:4)
  A worker ant (D:4)
  An orc wizard (D:4)
  6 adders
  An ooze (D:4)
  3 worms
  2 dart slugs
  3 leopard geckos
  6 orcs (D:4)
  A giant cockroach (D:2)
  10 goblins
  10 hobgoblins
  4 jackals (D:2)
  2 quokkas (D:2)
  A ball python (D:4)
  7 bats
  2 frilled lizards
  6 kobolds
  4 rats
74 creatures vanquished.

Vanquished Creatures (others)
  A goblin (D:2)
  A rat (D:2)
2 creatures vanquished.

Grand Total: 76 creatures vanquished

Notes
Turn   | Place    | Note
-------+----------+-------------------------------------------
     0 | D:1      | xccam the Formicid Fighter began the quest for the Orb.
     0 | D:1      | Reached XP level 1. HP: 18/18 MP: 1/1
    79 | D:1      | Reached XP level 2. HP: 14/24 MP: 2/2
   312 | D:1      | Reached skill level 3 in Axes
   461 | D:1      | Reached XP level 3. HP: 29/29 MP: 3/3
   748 | D:2      | Found a snail-covered altar of Cheibriados.
   753 | D:2      | Became a worshipper of Cheibriados the Contemplative
   853 | D:2      | Reached skill level 4 in Axes
   853 | D:2      | Reached XP level 4. HP: 30/35 MP: 4/4
   898 | D:2      | Found a radiant altar of Vehumet.
   996 | D:2      | Found a burning altar of Makhleb.
  1133 | D:2      | Reached * piety under Cheibriados
  1390 | D:3      | Found a transporter.
  1394 | D:3      | Noticed a kobold demonologist
  1444 | D:3      | Reached XP level 5. HP: 27/41 MP: 5/5
  1463 | D:3      | Found a sacrificial altar of Ru.
  1563 | D:3      | Found a transporter.
  1859 | D:4      | Reached skill level 5 in Axes
  1866 | D:4      | Noticed Ijyb
  1880 | D:4      | Killed Ijyb
  1904 | D:4      | Noticed Eustachio
  1914 | D:4      | Killed Eustachio
  1914 | D:4      | Reached skill level 6 in Axes
  1914 | D:4      | Reached XP level 6. HP: 18/47 MP: 6/6
  1973 | D:4      | Noticed Grinder
  2000 | D:4      | Killed Grinder
  2000 | D:4      | Reached skill level 7 in Axes
  2000 | D:4      | Reached XP level 7. HP: 35/52 MP: 7/7
  2118 | D:4      | Found an iron altar of Okawaru.
  2311 | D:4      | Found a stormy altar of Qazlal.
  2419 | D:4      | Reached skill level 8 in Axes
  2439 | D:4      | Noticed Menkaure
  2444 | D:4      | HP: 1/52 [Menkaure/nerve-wracking pain (8)]
  2446 | D:4      | Demolished by Menkaure

Vault maps used:
D:1:      erik_arrival_triangle_medium, corexii_hall_statues_x
D:2:      fiery_altar_vehumet, marbit_many_paths, lemuel_crystal_altar,
          minivault_26
D:3:      gammafunk_wand_slinger, nicolae_ru_path_of_blood
D:4:      kennysheep_mini_moat, overflow_temple_1_default,
          gammafunk_temple_overflow_statue, uniq_grinder, uniq_menkaure,
          uniq_eustachio, uniq_ijyb

Skill      XL: |  1  2  3  4  5  6  7 |
---------------+----------------------+-----
Axes           | 3 4 6 7 8 |  8.0
Fighting       | |  3.2
Armour         | |  3.2
Shields        | |  3.6

Action                   |  1- 3 |  4- 6 |  7- 9 || total
-------------------------+-------+-------+-------++-------
Melee: War axe           |   101 |   103 |    42 ||   246
       Unarmed           |       |     6 |       ||     6
  Use: Potion            |       |     5 |     1 ||     6
  Eat: Chunk             |       |     3 |       ||     3
Armor: Scale mail        |    56 |    35 |     8 ||    99
Dodge: Dodged            |    42 |    40 |    12 ||    94
Block: Shield            |    55 |    50 |    14 ||   119

Table legend:
 A = Spawn XP
 B = Non-spawn XP
 C = Spawn XP percentage of total XP
 D = Spawn monster count
 E = Non-spawn monster count
 F = Spawn count percentage of total count
 G = Total turns spent on level
                    A         B        C        D         E        F      G
               +---------+---------+-------+---------+---------+-------+---------
         Total |       0 |     863 |   0.0 |       0 |      74 |   0.0 |  2446
               +---------+---------+-------+---------+---------+-------+---------
           D:1 |       0 |      33 |   0.0 |       0 |      19 |   0.0 |   578
           D:2 |       0 |      70 |   0.0 |       0 |      23 |   0.0 |   629
           D:3 |       0 |      45 |   0.0 |       0 |      11 |   0.0 |   615
           D:4 |       0 |     715 |   0.0 |       0 |      21 |   0.0 |   624
               +---------+---------+-------+---------+---------+-------+---------
